 Dungeon Sprint DCSS version 0.19-a0-320-gcfc3c9c (webtiles) character file.

2456 Groucho the Blocker (level 9, -1/86 HPs)
             Began as a Minotaur Fighter on May 28, 2016.
             Was a Follower of Hepliaklqana.
             Slain by a ten-headed hydra (9 damage)
             ... in the Dungeon (Sprint IX: "|||||||||||||||||||||||||||||").
             The game lasted 00:04:07 (1395 turns).

Groucho the Blocker (Minotaur Fighter)              Turns: 1395, Time: 00:04:08

Health: -1/86      AC: 17    Str: 22    XL:     9   Next: 26%
Magic:  13/13      EV:  9    Int:  5    God:    Hepliaklqana [*.....]
Gold:   0          SH:  0    Dex: 12    Spells: 0 memorised, 15 levels left

rFire  . . .     SeeInvis .     p - +2 halberd (venom)
rCold  . . .     Gourm    .     v - +0 plate armour
rNeg   . . .     Faith    .     (shield currently unavailable)
rPois  .         Spirit   .     (helmet restricted)
rElec  .         Dismiss  .     r - +0 cloak
rCorr  .         Reflect  .     (no gloves)
SustAt .         Harm     .     q - +0 pair of boots
MR     .....     NoTele   +     (no amulet)
Stlth  ..........               (no ring)
                                (no ring)

@: not resistant to hostile enchantments, extremely unstealthy
A: retaliatory headbutt, horns 2
a: Recall Ancestor, Ancestor Identity, Renounce Religion


You were in the Dungeon.
You worshipped Hepliaklqana.
Hepliaklqana was aware of your devotion.
You were not hungry.

You visited 1 branch

Inventory:

Hand Weapons
 a - a +0 trident
 p - a +2 halberd of venom (weapon)
Armour
 c - a +0 shield
 q - a +0 pair of boots (worn)
 r - a +0 cloak (worn)
 v - a +0 plate armour (worn)
Jewellery
 b - a +3 ring of dexterity
 t - a +3 ring of intelligence
Wands
 o - a wand of iceblast (5/15)
Scrolls
 k - 2 scrolls of blinking
 m - 3 scrolls of remove curse
 n - 2 scrolls of amnesia
 s - 2 scrolls of enchant weapon
 w - a scroll of identify
 x - 3 scrolls of recharging
 y - a scroll of fog
Potions
 d - a potion of might
 e - 6 potions of curing
 f - 3 potions of resistance
 g - a potion of heal wounds
 h - a potion of haste
 i - 4 potions of magic
 j - a potion of cure mutation
 l - 2 potions of invisibility
 u - a potion of brilliance


   Skills:
 * Level 10.8 Fighting
 * Level 10.5 Polearms
 * Level 10.9 Armour
 + Level 6.3 Dodging
 * Level 11.0 Shields
 + Level 5.9 Unarmed Combat
 + Level 3.9 Spellcasting
 * Level 7.7 Invocations


You had 15 spell levels left.
You didn't know any spells.

Dungeon Overview and Level Annotations

Branches:
Dungeon (1/1)

Altars:
Cheibriados
Dithmenos
Elyvilon
Fedhas
Gozag
Hepliaklqana
Kikubaaqudgha
Makhleb
Nemelex Xobeh
Okawaru
Pakellas
Qazlal
Ru
Sif Muna
Trog
Ukayaw
Vehumet
Xom
Yredelemnul
Zin
The Shining One
Beogh
Jiyva
Lugonu


Innate Abilities, Weirdness & Mutations

You reflexively headbutt those who attack you in melee.
You have a pair of horns on your head.


Message History

The seven-headed hydra grows two more!
You slash the nine-headed hydra! You headbutt the nine-headed hydra!
The nine-headed hydra is severely wounded.
The nine-headed hydra bites you but does no damage.
The nine-headed hydra bites you.
The nine-headed hydra completely misses you.
The nine-headed hydra bites you but does no damage.
The nine-headed hydra bites you!
* * * LOW HITPOINT WARNING * * *
The nine-headed hydra bites you!
* * * LOW HITPOINT WARNING * * *
The nine-headed hydra barely misses you.
The nine-headed hydra bites you but does no damage. x2
You chop one of the nine-headed hydra's heads off!
The eight-headed hydra grows two more!
You slice the ten-headed hydra!!
The ten-headed hydra is severely wounded.
The ten-headed hydra bites you.
* * * LOW HITPOINT WARNING * * *
The ten-headed hydra bites you!
You die...

▓.▓.▓.▓
▓.▓.▓.▓
▓[▓.▓.▓
▓)▓.▓.▓
▓.▓.▓.▓
▓.▓.▓'▓
▓.▓.▓_▓
▓.▓.▓_▓
▓@▓.▓_▓
▓D▓.▓_▓
▓F▓.▓_▓
▓t▓.▓_▓
▓l▓.▓_▓
▓h▓.▓_▓
▓F▓.▓_▓
▓S▓.▓_▓
▓.▓.▓_▓


You could see a ten-headed hydra, a black mamba, a spiny frog, a crocodile, a
wolf, a giant frog and an iguana.

Vanquished Creatures
  A rakshasa (D)
  A deep elf mage (D)
  An ugly thing (D)
  An efreet (D)
  A yak (D)
  A porcupine (D)
  An ice beast (D)
  An ogre (D)
  A big kobold (D)
  A giant frog (D)
  2 howler monkeys (D)
  A crimson imp (D)
  An orc wizard (D)
  A worker ant (D)
  A dart slug (D)
  2 orcs (D)
  A bat zombie (D)
  2 giant cockroaches (D)
  A hobgoblin (D)
  2 rats (D)
24 creatures vanquished.

Vanquished Creatures (others)
  2 ancestors (D)
2 creatures vanquished.

Grand Total: 26 creatures vanquished

Notes
Turn   | Place    | Note
--------------------------------------------------------------
     0 | D        | Groucho the Minotaur Fighter began the quest for the Orb.
     0 | D        | Reached XP level 1. HP: 19/19 MP: 0/0
     7 | D        | Reached skill level 4 in Shields
    19 | D        | Noticed a howler monkey
    19 | D        | Noticed an orc wizard
    22 | D        | Killed a howler monkey
    22 | D        | Reached skill level 5 in Fighting
    22 | D        | Reached skill level 5 in Armour
    22 | D        | Reached skill level 1 in Dodging
    22 | D        | Reached skill level 5 in Shields
    22 | D        | Reached XP level 2. HP: 26/29 MP: 0/2
    22 | D        | Reached XP level 3. HP: 33/36 MP: 0/3
    30 | D        | Reached skill level 1 in Spellcasting
    30 | D        | Reached XP level 4. HP: 36/42 MP: 0/4
   169 | D        | Found a glowing silver altar of Zin.
   169 | D        | Found a glowing golden altar of the Shining One.
   169 | D        | Found an ancient bone altar of Kikubaaqudgha.
   169 | D        | Found a basalt altar of Yredelemnul.
   169 | D        | Found a shimmering altar of Xom.
   169 | D        | Found a radiant altar of Vehumet.
   170 | D        | Found an iron altar of Okawaru.
   171 | D        | Found a burning altar of Makhleb.
   172 | D        | Found a deep blue altar of Sif Muna.
   173 | D        | Found a bloodstained altar of Trog.
   174 | D        | Found a sparkling altar of Nemelex Xobeh.
   175 | D        | Found a white marble altar of Elyvilon.
   176 | D        | Found a roughly hewn altar of Beogh.
   177 | D        | Found a viscous altar of Jiyva.
   178 | D        | Found a corrupted altar of Lugonu.
   179 | D        | Found a blossoming altar of Fedhas.
   180 | D        | Found a snail-covered altar of Cheibriados.
   181 | D        | Found a shadowy altar of Dithmenos.
   182 | D        | Found a stormy altar of Qazlal.
   183 | D        | Found an opulent altar of Gozag.
   184 | D        | Found a sacrificial altar of Ru.
   185 | D        | Found an oddly glowing altar of Pakellas.
   186 | D        | Found a hide-covered altar to Ukayaw.
   187 | D        | Found a hazy altar of Hepliaklqana.
   195 | D        | Became a worshipper of Hepliaklqana
   251 | D        | Noticed an ice beast
   251 | D        | Noticed a yak
   251 | D        | Noticed a big kobold
   256 | D        | Killed an ice beast
   256 | D        | Reached skill level 5 in Polearms
   256 | D        | Reached skill level 6 in Shields
   256 | D        | Reached skill level 1 in Unarmed Combat
   256 | D        | Reached XP level 5. HP: 44/51 MP: 4/6
   259 | D        | Reached skill level 7 in Shields
   263 | D        | Killed a yak
   263 | D        | Reached XP level 6. HP: 32/61 MP: 4/8
   274 | D        | Reached skill level 8 in Shields
   716 | D        | Noticed an efreet
   716 | D        | Noticed a rakshasa
   716 | D        | Noticed a deep elf mage
   716 | D        | Noticed a red ugly thing
   723 | D        | Killed an efreet
   723 | D        | Reached skill level 5 in Invocations
   723 | D        | Reached XP level 7. HP: 40/69 MP: 4/10
   738 | D        | Reached skill level 9 in Shields
   741 | D        | Noticed a sixfirhy
   748 | D        | Killed a deep elf mage
   748 | D        | Reached skill level 5 in Dodging
   748 | D        | Reached XP level 8. HP: 31/78 MP: 7/11
   750 | D        | Killed a red ugly thing
   750 | D        | Reached skill level 10 in Fighting
   750 | D        | Reached skill level 10 in Armour
   750 | D        | Reached skill level 10 in Shields
   750 | D        | Reached skill level 5 in Unarmed Combat
   756 | D        | HP: 4/118 [rakshasa/orb of energy (20)]
   758 | D        | Killed a rakshasa
   758 | D        | Reached skill level 10 in Polearms
   758 | D        | Reached XP level 9. HP: 5/86 MP: 8/13
  1379 | D        | Reached * piety under Hepliaklqana
  1379 | D        | Noticed a spiny frog
  1379 | D        | Noticed a six-headed hydra
  1385 | D        | Reached skill level 11 in Shields
  1391 | D        | Noticed a black mamba
  1395 | D        | Slain by a ten-headed hydra

Vault maps used:
D:        linesprint

Skill      XL: |  1  2  3  4  5  6  7  8  9 |
---------------+----------------------------+-----
Shields        | 5 6 7 8 9 10 11 | 11.0
Fighting       | 5 6 7 8 9 10 | 10.8
Armour         | 5 6 7 8 9 10 | 10.9
Polearms       | 4 5 6 8 9 10 | 10.5
Dodging        | 1 2 3 4 5 6 |  6.3
Spellcasting   | 1 2 3 |  3.9
Unarmed Combat | 1 2 4 5 |  5.9
Invocations    | 2 4 5 6 7 |  7.7

Action                   |  1- 3 |  4- 6 |  7- 9 || total
-------------------------+-------+-------+-------++-------
Melee: Trident           |    20 |     7 |       ||    27
       Headbutt          |     3 |     4 |     6 ||    13
       Halberd           |       |    28 |    40 ||    68
Invok: Recall Ancestor   |       |     2 |       ||     2
Evoke: Wand              |       |       |     2 ||     2
  Use: Potion            |       |       |     3 ||     3
  Eat: Bread ration      |       |       |     1 ||     1
Armor: Scale mail        |    10 |    16 |     8 ||    34
       Plate armour      |       |       |    29 ||    29
Dodge: Dodged            |     2 |     8 |    33 ||    43
Block: Shield            |     5 |     1 |       ||     6
